 Dungeon Crawl Stone Soup version 0.30-a0-222-ge547ba4400 (webtiles) character file.

Game seed: 4983575319831072668

476 Aibolit the Chopper (level 7, 0/61 HPs)
             Began as a Hill Orc Fighter on Oct 9, 2022.
             Was an Initiate of Yredelemnul.
             Slain by a gnoll bouda
             ... wielding a +0 club
              (7 damage)
             ... on level 4 of the Dungeon.
             The game lasted 00:05:30 (3799 turns).

Aibolit the Chopper (Hill Orc Fighter)              Turns: 3799, Time: 00:05:30

Health: 0/61       AC: 10    Str: 21    XL:     7   Next: 10%
Magic:  7/7        EV:  9    Int:  8    God:    Yredelemnul [......]
Gold:   146        SH:  4    Dex: 10    Spells: 6/6 levels left

rFire   . . .      SeeInvis .    a - +0 war axe
rCold   . . .      Faith    .    c - +0 buckler
rNeg    . . .      Spirit   .    b - +0 scale mail
rPois   .          Reflect  .    p - +0 helmet
rElec   .          Harm     .    u - +0 cloak
rCorr   .          Rampage  .    t - +0 pair of gloves
Will    .....                    (no boots)
Stlth   ..........               (no amulet)
HPRegen 0.30/turn                (no ring)
MPRegen 0.10/turn                (no ring)

@: mighty
A: no striking features
a: Renounce Religion, Recall Undead Harvest


You were on level 4 of the Dungeon.
You worshipped Yredelemnul.
Yredelemnul was noncommittal.
You visited 1 branch of the dungeon, and saw 4 of its levels.

You collected 146 gold pieces.

Inventory:

Hand Weapons
 a - a +0 war axe (weapon)
Armour
 b - a +0 scale mail (worn)
 c - a +0 buckler (worn)
 p - a +0 helmet (worn)
 t - a +0 pair of gloves (worn)
 u - a +0 cloak (worn)
Wands
 n - a wand of charming (6)
 s - a wand of polymorph (2)
Scrolls
 g - a scroll of blinking
 i - a scroll of vulnerability
 j - a scroll of identify
 k - 2 scrolls of enchant armour
 q - a scroll of immolation {unknown}
 r - a scroll of fear
Potions
 e - a potion of degeneration {unknown}
 f - a potion of berserk rage {unknown}
 h - 3 potions of mutation {unknown}
 l - a potion of brilliance {unknown}
 m - 2 potions of haste {unknown}
 o - 2 potions of curing {unknown}


   Skills:
 + Level 5.0 Fighting
 + Level 6.9 Axes
 + Level 4.7 Armour
 + Level 1.0 Dodging
 + Level 4.2 Shields
 + Level 0.1 Unarmed Combat
 + Level 0.1 Invocations


You had 6 spell levels left.
You didn't know any spells.
Your spell library contained the following spells:

 Spells                   Type           Power      Damage    Failure   Level
 Summon Small Mammal      Summ           0%         N/A       83%         1
 Cigotuvi's Dreadful Rot  Necr/Pois/Air  0%         N/A       92%         2
 Poisonous Vapours        Pois/Air       0%         N/A       92%         2
 Call Canine Familiar     Summ           0%         N/A       99%         3
 Kindle Blastsparks       Fire/Tloc/Air  0%         2d10      99%         3
 Mephitic Cloud           Conj/Pois/Air  0%         N/A       99%         3
 Summon Guardian Golem    Hex/Summ       0%         N/A       99%         3
 Fulminant Prism          Conj/Hex       0%         3d6       100%        4
 Iskenderun's Mystic Bla  Conj/Tloc      0%         2d3       100%        4
 Lee's Rapid Deconstruct  Erth           0%         3d5*      100%        5


Dungeon Overview and Level Annotations

Branches:
Dungeon (4/15)
 Temple: D:4-7

Altars:
Elyvilon
Kikubaaqudgha
Yredelemnul

Shops:
D:1 [!?[


Message History

The gnoll bouda is lightly wounded.
You hit the gnoll.
The gnoll is no longer moving quickly.
The gnoll barely misses you. x2
The gnoll bouda barks out a call to the hunt!
The gnolls pick up the pace!
You closely miss the gnoll.
The gnoll is moderately wounded.
You hit the gnoll bouda. The gnoll hits you with a +0 spear.
The gnoll hits you from afar with a +0 spear.
The gnoll hits you but does no damage. You block the gnoll bouda's attack.
You hit the gnoll.
The gnoll is heavily wounded.
You hit the gnoll bouda. The gnoll barely misses you. x2
The gnoll hits you from afar with a +0 spear.
The gnoll bouda hits you with a +0 club.
You are too injured to fight recklessly!
You are too injured to fight recklessly!
You are too injured to fight recklessly!
You are too injured to fight recklessly!
You feel very mighty all of a sudden. The gnoll barely misses you.
The gnoll bouda hits you but does no damage.
You are too injured to fight recklessly!
You are too injured to fight recklessly!
You hit the gnoll bouda.
The gnoll bouda is severely wounded.
The gnoll hits you from afar with a +0 spear.
The gnoll bouda hits you but does no damage.
You barely miss the gnoll bouda.
The gnoll bouda is severely wounded.
The gnoll hits you from afar with a +0 spear.
* * * LOW HITPOINT WARNING * * *
The gnoll bouda hits you with a +0 club!
* * * LOW HITPOINT WARNING * * *
The gnoll hits you but does no damage.
You barely miss the gnoll bouda.
The gnoll bouda is severely wounded.
The gnoll bouda hits you with a +0 club!
You die...
Your body rises from the dead as a mindless zombie.

.# .# .##.. ##....#
....... ####
..g.... ...#...gg..
#ggg...... #g###
#.g@#### . ###....#
.. ####.# #...
#.##...# ####....#
. ##.....##.... .
####..##........
..##.....#####.....
..........#........


You could see a gnoll bouda and 2 gnolls.

Vanquished Creatures
  Grinder (D:3)
  A necrophage (D:4)
  Jessica (D:3)
  Ijyb (D:3)
  Robin (D:3)
  A gnoll (D:4)
  5 adders
  An ufetubus (D:3)
  A worm (D:2)
  3 dart slugs
  An orc (D:3)
  4 bats
  4 endoplasms
  4 giant cockroaches (D:1)
  7 goblins
  11 hobgoblins
  4 jackals (D:1)
  4 kobolds
  3 quokkas
  8 ball pythons
  3 frilled lizards
  3 rats
72 creatures vanquished.

Vanquished Creatures (collateral kills)
  An adder (D:3)
  2 bats
  3 goblins (D:3)
  2 frilled lizards (D:2)
  A kobold (D:3)
  A rat (D:3)
10 creatures vanquished.

Vanquished Creatures (others)
  A bat zombie (D:3)
  A gnoll zombie (D:4)
  A quokka (D:3)
  2 ball python zombies (D:3)
  5 goblin zombies (D:3)
  3 hobgoblin zombies (D:3)
  An orc zombie (D:3)
  A quokka zombie (D:3)
  8 plants (D:1)
23 creatures vanquished.

Grand Total: 105 creatures vanquished

Notes
Turn   | Place    | Note
-------+----------+-------------------------------------------
     0 | D:1      | Aibolit the Hill Orc Fighter began the quest for the Orb.
     0 | D:1      | Reached XP level 1. HP: 19/19 MP: 1/1
   144 | D:1      | Found Jahicsas's Distillery.
   200 | D:1      | Found Wyezaf's Armour Shoppe.
   212 | D:1      | Found Kaokhos's Magic Scroll Shop.
   272 | D:1      | Reached XP level 2. HP: 27/27 MP: 2/2
   871 | D:1      | Found Ceurr's Antique Armour Boutique.
   907 | D:1      | Reached XP level 3. HP: 31/33 MP: 3/3
  1412 | D:2      | Found a faded altar of an unknown god.
  1437 | D:2      | Reached skill level 3 in Axes
  1443 | D:2      | Prayed at the altar of an unknown god.
  1443 | D:2      | Became a worshipper of Yredelemnul the Dark
  1443 | D:2      | Reached * piety under Yredelemnul
  1645 | D:2      | Reached ** piety under Yredelemnul
  1659 | D:2      | Reached XP level 4. HP: 40/40 MP: 4/4
  1795 | D:2      | Reached skill level 4 in Axes
  1806 | D:2      | Reached *** piety under Yredelemnul
  2132 | D:3      | Found an ancient bone altar of Kikubaaqudgha.
  2385 | D:3      | Noticed Robin
  2386 | D:3      | Noticed Jessica
  2427 | D:3      | Reached XP level 5. HP: 24/47 MP: 5/5
  2446 | D:3      | Killed Robin
  2447 | D:3      | Reached skill level 5 in Axes
  2455 | D:3      | HP: 2/47 [Jessica/nerve-wracking pain (6)]
  2816 | D:3      | Noticed Grinder
  2822 | D:3      | Killed Jessica
  2844 | D:3      | Paralysed by Grinder for 5 turns
  2855 | D:3      | Killed Grinder
  2856 | D:3      | Reached skill level 6 in Axes
  2856 | D:3      | Reached XP level 6. HP: 24/55 MP: 6/6
  3082 | D:3      | Found a white marble altar of Elyvilon.
  3143 | D:3      | Noticed Ijyb
  3189 | D:3      | Killed Ijyb
  3754 | D:4      | Reached skill level 5 in Fighting
  3754 | D:4      | Reached skill level 1 in Dodging
  3754 | D:4      | Reached XP level 7. HP: 61/61 MP: 7/7
  3799 | D:4      | Slain by a gnoll bouda

Illustrated notes

Levels and vault maps discovered:
D:1:      roderic_lyre, layout_loops_ring, serial_forest,
          infiniplex_forest_lined_3, infiniplex_forest_corner_2,
          infiniplex_forest_end_2, infiniplex_forest_clump_tiny,
          infiniplex_forest_diagonal, infiniplex_forest_end_2, serial_shops,
          nicolae_shop_temple_entry_statues_fountains, shop,
          nicolae_shop_hallway_stairs, nicolae_square_shop, chequers_big_river,
          minmay_tetromino_s4
D:2:      layout_basic, hellmonk_ecumenical_altar_heavens_door
D:3:      layout_loops_corners, elyvilon_altar_4, mainiacjoe_overflow_24_doors,
          glass_columns_c, uniq_grinder, uniq_ijyb, uniq_robin, uniq_jessica
D:4:      layout_rooms

Skill      XL: |  1  2  3  4  5  6 |
---------------+-------------------+-----
Fighting       | 4 5 |  5.0
Axes           | 3 4 6 |  6.9
Shields        | 4 |  4.2
Armour         | 4 |  4.7
Dodging        | 1 |  1.0
Unarmed Combat | |  0.1
Invocations    | |  0.1

Action                   |  1- 3 |  4- 6 |  7- 9 || total
-------------------------+-------+-------+-------++-------
Melee: War axe           |   105 |   132 |    13 ||   250
       Unarmed           |       |    21 |       ||    21
Invok: Recall Undead Har |       |     2 |       ||     2
  Use: Scroll            |       |     5 |       ||     5
       Potion            |       |     1 |     1 ||     2
Armor: Scale mail        |    60 |    77 |    12 ||   149
       Skin              |       |     1 |       ||     1
Dodge: Dodged            |    51 |    66 |    15 ||   132
Block: Buckler           |    26 |    30 |     9 ||    65

Table legend: (Time is in decaauts)
 A = Elapsed time spent in this place.
 B = Non-inter-level travel time spent in this place.
 C = Inter-level travel time spent in this place.
 D = Time resting spent in this place.
 E = Time spent auto-exploring this place.
 F = Levels seen in this place.
 G = Mean time per level.
                   A        B        C        D        E       F      G
               +--------+--------+--------+--------+--------+-----+--------+
         Total |   3888 |   3600 |    288 |    305 |   2578 |   4 |  972.0 |
       Dungeon |   3888 |   3600 |    288 |    305 |   2578 |   4 |  972.0 |
               +--------+--------+--------+--------+--------+-----+--------+

Top non-repeatable levels by time:
     D:3: 1748 daAuts
     D:1: 1442 daAuts
     D:2: 644 daAuts
     D:4: 53 daAuts
